 Dungeon Crawl Stone Soup version 0.31-a0-154-g56bf346678 (webtiles) character file.

Game seed: 8901944619226906757

119 zazu2006 the Poker (level 5, -5/40 HPs)
             Began as a Gnoll Wanderer on June 11, 2023.
             Killed from afar by Ijyb (8 damage)
             ... with a bolt of acid
             ... on level 3 of the Dungeon.
             The game lasted 00:04:07 (2577 turns).

zazu2006 the Poker (Gnoll Wanderer)                 Turns: 2577, Time: 00:04:08

Health: -5/40      AC:  0    Str: 10    XL:     5   Next: 3%
Magic:  8/9        EV: 12    Int: 11    God:
Gold:   87         SH:  0    Dex: 15    Spells: 9/10 levels left

rFire   . . .        a - +2 spear
rCold   . . .        (no shield)
rNeg    . . .        e - +0 leather armour
rPois   .            (helmet currently unavailable)
rElec   .            g - +0 cloak
rCorr   .            (no gloves)
SInv    .            (boots currently unavailable)
Will    .....        (no amulet)
Stlth   ++           (no ring)
HPRegen 0.26/turn    (no ring)
MPRegen 0.11/turn

%: no passive effects
@: brilliant, appendages, corroded
A: horns 2, talons 2, fangs 1, strong nose, distributed training
a: End Transformation


You were on level 3 of the Dungeon.
You had temporarily grown beastly horns and talons.
You visited 1 branch of the dungeon, and saw 3 of its levels.

You collected 87 gold pieces.

Inventory:

Hand Weapons
 a - a +2 spear (weapon)
 c - a +0 dagger
Missiles
 b - 8 boomerangs (quivered)
Armour
 e - a +0 leather armour (worn)
 g - a +0 cloak (worn)
Scrolls
 d - a scroll of fog
 h - 3 scrolls of identify {unknown}
 i - a scroll of fear {unknown}
 j - a scroll of vulnerability {unknown}
 m - a scroll of enchant weapon {unknown}
 p - a scroll of immolation {unknown}
Potions
 f - a potion of curing {unknown}
 l - a potion of heal wounds {unknown}
 n - a potion of invisibility {unknown}
 o - 2 potions of attraction {unknown}


   Skills:
 + Level 2.9 Fighting
 + Level 1.4 Short Blades
 + Level 1.4 Long Blades
 + Level 1.4 Axes
 + Level 1.4 Maces & Flails
 + Level 6.6 Polearms
 + Level 1.4 Staves
 + Level 1.4 Ranged Weapons
 + Level 4.7 Throwing
 + Level 2.9 Armour
 + Level 2.9 Dodging
 + Level 1.4 Stealth
 + Level 1.4 Shields
 + Level 1.4 Unarmed Combat
 + Level 3.1 Spellcasting
 + Level 1.1 Conjurations
 + Level 1.1 Hexes
 + Level 1.1 Summonings
 + Level 1.1 Necromancy
 + Level 1.1 Translocations
 + Level 2.3 Transmutations
 + Level 1.1 Fire Magic
 + Level 1.1 Ice Magic
 + Level 1.1 Air Magic
 + Level 1.1 Earth Magic
 + Level 1.1 Poison Magic
 + Level 1.5 Invocations
 + Level 1.4 Evocations


You had 9 spell levels left.
You knew the following spells:

 Your Spells              Type           Power      Damage    Failure   Level
a - Beastly Appendage     Tmut           20%        N/A       13%         1

Your spell library contained the following spells:

 Spells                   Type           Power      Damage    Failure   Level
 Blink                    Tloc           12%        N/A       32%         2
 Lesser Beckoning         Tloc           12%        N/A       32%         2
 Momentum Strike          Conj/Tloc      12%        3d8       32%         2
 Ignite Poison            Fire/Tmut/Pois 7%         N/A       50%         3


Dungeon Overview and Level Annotations

Branches:
Dungeon (3/15)

Altars:
Gozag
Wu Jian

Annotations:
D:3 3 runed translucent doors, AwFulAwFulPlayer's ghost, amateur DsCK; Ijyb


Innate Abilities, Weirdness & Mutations

You have temporarily grown beastly horns and talons.
You have very sharp teeth.
Your uncanny sense of smell can sniff out nearby items.
Your experience applies equally to all skills.


Message History

Press: ? - help, Q - select action, (/) - cycle Shift-Dir - straight line, f - jackal
Aim: a jackal (moderately wounded, 55% to hit)
You throw a boomerang. The boomerang misses the jackal.
The boomerang hits the jackal.
The jackal is almost dead.
The jackal bites you. x2
Throw: 8 boomerangs
Press: ? - help, Q - select action, (/) - cycle Shift-Dir - straight line, f - Ijyb, p - jackal
Aim: Ijyb, wielding a +0 club, wearing a +0 ring mail and carrying a wand of acid (6) (58% to hit)
You throw a boomerang. The boomerang hits the jackal.
You kill the jackal!
You are no longer corroded.
Ijyb zaps a wand.
The bolt of acid hits the jackal!
The acid corrodes the jackal!
The jackal dies!
The bolt of acid hits you! The acid corrodes you!
Throw: 8 boomerangs
Press: ? - help, Q - select action, (/) - cycle Shift-Dir - straight line, f/p - Ijyb
Aim: Ijyb, wielding a +0 club, wearing a +0 ring mail and carrying a wand of acid (5) (58% to hit)
You throw a boomerang. The boomerang barely misses Ijyb.
Throw: 8 boomerangs
Press: ? - help, Q - select action, (/) - cycle Shift-Dir - straight line, f/p - Ijyb
Aim: Ijyb, wielding a +0 club, wearing a +0 ring mail and carrying a wand of acid (5) (58% to hit)
You throw a boomerang.
The boomerang hits Ijyb but does no damage.
Casting: Beastly Appendage (safe; 13% risk of failure)
Confirm with . or Enter, or press ? or * to list all spells.
You grow a pair of large bovine horns.
Your feet morph into talons.
Ijyb hits you with a +0 club.
Unknown command.
You barely miss Ijyb. Ijyb hits you with a +0 club.
You barely miss Ijyb. You claw Ijyb, but do no damage.
You headbutt Ijyb, but do no damage. Ijyb screams, "Me stronger than you!"
Ijyb zaps a wand.
The bolt of acid hits you!
* * * LOW HITPOINT WARNING * * *
It was a potion of brilliance.
You feel clever all of a sudden.
Ijyb zaps a wand.
The bolt of acid hits you!
You die...

##.8∩##.......#
#$..$.#.......#
#8$...+.......#
#∩.8_S+.......#
#######8$..h+.......#
).....#.).$W#.....###
......##h8.##....##
......##########.# ......#
#@# ......# #g# ......# #.#
......##########.#
.......#.....#..>############
.......#.....#.##....h.......
.......#.....#......gh......?
.......#.....#^....h.........
.......'.)...'...............


You could see Ijyb.

Vanquished Creatures
  A hound (D:3)
  An adder (D:3)
  A worm (D:2)
  2 dart slugs
  6 orcs
  4 bats
  4 endoplasms
  3 giant cockroaches
  5 goblins
  2 hobgoblins (D:2)
  10 jackals
  4 quokkas
  6 ball pythons
  4 kobolds
  4 rats
57 creatures vanquished.

Vanquished Creatures (others)
  A jackal (D:3)
1 creature vanquished.

Grand Total: 58 creatures vanquished

Notes
Turn   | Place    | Note
-------+----------+-------------------------------------------
     0 | D:1      | zazu2006 the Gnoll Wanderer began the quest for the Orb.
     0 | D:1      | zazu2006 set off with the following items: a +2 spear, 6
                  | boomerangs, a +0 dagger, a scroll of fog, a +0 leather
                  | armour; and the following spell memorised: Beastly
                  | Appendage; and the following spells available to memorise:
                  | Ignite Poison.
     0 | D:1      | Reached XP level 1. HP: 17/17 MP: 4/4
   226 | D:1      | Reached XP level 2. HP: 23/23 MP: 3/5
   957 | D:1      | Found a faded altar of an unknown god.
  1465 | D:2      | Reached XP level 3. HP: 27/28 MP: 5/7
  1516 | D:2      | Found an ornate altar of the Wu Jian Council.
  1577 | D:2      | Reached skill level 1 in Invocations
  1825 | D:2      | Reached skill level 1 in Short Blades
  1825 | D:2      | Reached skill level 1 in Long Blades
  1825 | D:2      | Reached skill level 1 in Axes
  1825 | D:2      | Reached skill level 1 in Maces & Flails
  1825 | D:2      | Reached skill level 1 in Staves
  1825 | D:2      | Reached skill level 1 in Ranged Weapons
  1825 | D:2      | Reached skill level 1 in Stealth
  1825 | D:2      | Reached skill level 1 in Shields
  1825 | D:2      | Reached skill level 1 in Unarmed Combat
  1825 | D:2      | Reached skill level 1 in Evocations
  2015 | D:3      | Found a runed translucent gate.
  2015 | D:3      | Found a runed translucent gate.
  2016 | D:3      | Found a runed translucent gate.
  2016 | D:3      | Found an opulent altar of Gozag.
  2018 | D:3      | Noticed a black bear
  2018 | D:3      | Noticed AwFulAwFulPlayer's ghost (amateur DsCK)
  2067 | D:3      | Reached XP level 4. HP: 31/34 MP: 6/8
  2431 | D:3      | Reached skill level 1 in Conjurations
  2431 | D:3      | Reached skill level 1 in Hexes
  2431 | D:3      | Reached skill level 1 in Summonings
  2431 | D:3      | Reached skill level 1 in Necromancy
  2431 | D:3      | Reached skill level 1 in Translocations
  2431 | D:3      | Reached skill level 1 in Fire Magic
  2431 | D:3      | Reached skill level 1 in Ice Magic
  2431 | D:3      | Reached skill level 1 in Air Magic
  2431 | D:3      | Reached skill level 1 in Earth Magic
  2431 | D:3      | Reached skill level 1 in Poison Magic
  2547 | D:3      | Noticed Ijyb
  2550 | D:3      | Reached XP level 5. HP: 40/40 MP: 9/9
  2577 | D:3      | Killed from afar by Ijyb

Illustrated notes

Levels and vault maps discovered:
D:1:      roderic_crop_circles_arrival_small, layout_basic,
          nicolae_ecumenical_lake_church
D:2:      layout_rooms, basic_altar, grunt_ministairs_10
D:3:      layout_basic, ebering_ghost_gozag, hangedman_decor_riveting,
          kennysheep_generic_room_15, uniq_ijyb

Skill      XL: |  1  2  3  4 |
---------------+-------------+-----
Transmutations | 2 |  2.3
Invocations    | 1 |  1.5
Short Blades   | 1 |  1.4
Long Blades    | 1 |  1.4
Axes           | 1 |  1.4
Maces & Flails | 1 |  1.4
Staves         | 1 |  1.4
Ranged Weapons | 1 |  1.4
Stealth        | 1 |  1.4
Shields        | 1 |  1.4
Unarmed Combat | 1 |  1.4
Evocations     | 1 |  1.4
Spellcasting   | 3 |  3.1
Conjurations   | 1 |  1.1
Hexes          | 1 |  1.1
Summonings     | 1 |  1.1
Necromancy     | 1 |  1.1
Translocations | 1 |  1.1
Fire Magic     | 1 |  1.1
Ice Magic      | 1 |  1.1
Air Magic      | 1 |  1.1
Earth Magic    | 1 |  1.1
Poison Magic   | 1 |  1.1
Fighting       | |  2.9
Polearms       | |  6.6
Throwing       | |  4.7
Armour         | |  2.9
Dodging        | |  2.9

Action                     |  1- 3 |  4- 6 || total
---------------------------+-------+-------++-------
  Melee: Spear             |    96 |    48 ||   144
         Headbutt          |    13 |     7 ||    20
         Bite              |     6 |     5 ||    11
         Kick              |     8 |     8 ||    16
         Punch             |     2 |     1 ||     3
  Throw: Boomerang         |     8 |     8 ||    16
   Cast: Beastly Appendage |    16 |     6 ||    22
    Use: Potion            |       |     1 ||     1
 Armour: Leather armour    |    20 |     8 ||    28
  Dodge: Dodged            |    50 |    27 ||    77

Table legend: (Time is in decaauts)
 A = Elapsed time spent in this place.
 B = Non-inter-level travel time spent in this place.
 C = Inter-level travel time spent in this place.
 D = Time resting spent in this place.
 E = Time spent auto-exploring this place.
 F = Levels seen in this place.
 G = Mean time per level.
                   A        B        C        D        E       F      G
               +--------+--------+--------+--------+--------+-----+--------+
         Total |   2545 |   2431 |    114 |      0 |   2077 |   3 |  848.3 |
       Dungeon |   2545 |   2431 |    114 |      0 |   2077 |   3 |  848.3 |
               +--------+--------+--------+--------+--------+-----+--------+

Top non-repeatable levels by time:
     D:1: 1450 daAuts
     D:3: 603 daAuts
     D:2: 491 daAuts
